 Dungeon Crawl Stone Soup version 0.30-a0-1164-ge08a67761e (webtiles) character file.

Game seed: 11153990175896313546

164203 Jeffwins the Skirmisher (level 18, -1/123 (131) HPs)
             Began as a Human Wanderer on Apr 29, 2023.
             Was the Champion of Vehumet.
             Slain by a spectral fenstrider witch (5 damage)
             ... called from beyond by a ghost crab
             ... on level 1 of the Swamp on Apr 30, 2023.
             The game lasted 01:30:05 (29727 turns).

Jeffwins the Skirmisher (Human Wanderer)           Turns: 29727, Time: 01:30:05

HP:   -1/123 (131)  AC:  6    Str: 14    XL:     18   Next: 48%
MP:   26/31         EV: 11    Int: 25    God:    Vehumet [******]
Gold: 953           SH:  6    Dex: 21    Spells: 4/35 levels left

rFire   . . .        a - +7 sling "Boheso" {elec, rElec rCorr Str+2}
rCold   + + .        t - +0 buckler
rNeg    . . .        D - +0 troll leather armour
rPois   +            C - +0 helmet "Cocracy" {rC+ Will++ Slay+3 Stlth-}
rElec   +            R - scarf of Inference {repulsion, rElec rC+}
rCorr   +            V - +0 pair of gloves of Etul {rPois}
SInv    .            (no boots)
Will    +++..        O - amulet of magic regeneration
Stlth   ++           X - +6 ring of dexterity
HPRegen 1.20/turn    I - +6 ring of intelligence
MPRegen 0.62/turn

%: repel missiles
@: studying Necromancy, drained
A: no striking features
a: Renounce Religion


You were on level 1 of the Swamp.
You worshipped Vehumet.
Vehumet was exalted by your worship.
You visited 5 branches of the dungeon, and saw 24 of its levels.
You also visited: Sewer and Ice Cave.

You collected 2500 gold pieces.
You spent 1547 gold pieces at shops.


   Skills:
 + Level 8.7 Fighting
 - Level 8.0 Short Blades
 - Level 1.0 Axes
 * Level 11.4 Ranged Weapons
 - Level 6.0 Throwing
 - Level 1.0 Dodging
 - Level 5.0 Stealth
 - Level 6.0 Shields
 * Level 9.1 Spellcasting
 * Level 8.5 Conjurations
 * Level 10.7 Necromancy
 * Level 8.4 Fire Magic
 * Level 8.7 Ice Magic
 - Level 8.0 Air Magic
 + Level 7.2 Earth Magic
 - Level 8.0 Poison Magic
 + Level 7.0 Evocations


You had 4 spell levels left.
You knew the following spells:

 Your Spells              Type           Power      Damage    Failure   Level
b - Ozocubu's Refrigerat  Ice            26%        4d13      45%         7
c - Freezing Cloud        Conj/Ice/Air   26%        6-21      2%          5
f - Fireball              Conj/Fire      26%        3d12      2%          5
l - Lee's Rapid Deconstr  Erth           23%        3d13*     3%          5
n - Dispel Undead         Necr           60%        3d21      1%          4
p - Poisonous Vapours     Pois/Air       100%       N/A       1%          2
z - Stone Arrow           Conj/Erth      100%       3d13      1%          3

Your spell library contained the following spells:

 Spells                   Type           Power      Damage    Failure   Level
 Foxfire                  Conj/Fire      100%       2x1d9     1%          1
 Freeze                   Ice            100%       1d10      1%          1
 Kiss of Death            Conj/Necr      100%       2d13      1%          1
 Cigotuvi's Dreadful Rot  Necr/Pois/Air  100%       N/A       1%          2
 Momentum Strike          Conj/Tloc      64%        3d9       1%          2
 Scorch                   Fire           100%       2d9       1%          2
 Dazzling Flash           Conj/Hex       64%        N/A       1%          3
 Frozen Ramparts          Ice            100%       1d16      1%          3
 Hailstorm                Conj/Ice       53%        3d12      1%          3
 Inner Flame              Hex/Fire       32%        N/A       1%          3
 Ozocubu's Armour         Ice            53%        N/A       1%          3
 Swiftness                Air            51%        N/A       1%          3
 Volatile Blastmotes      Fire/Tloc      64%        2d15      1%          3
 Flame Wave               Conj/Fire      52%        2d13      1%          4
 Sticky Flame             Conj/Fire      52%        2d7       1%          4
 Ensorcelled Hibernation  Hex/Ice        66%        N/A       2%          2
 Passwall                 Tmut/Erth      24%        N/A       3%          2
 Spider Form              Tmut/Pois      31%        N/A       4%          3
 Vhi's Electric Charge    Tloc/Air       62%        N/A       4%          3
 Iskenderun's Mystic Bla  Conj/Tloc      32%        2d8       4%          4
 Beastly Appendage        Tmut           22%        N/A       9%          1
 Wereblood                Tmut           11%        N/A       13%         2
 Ice Form                 Ice/Tmut       33%        N/A       14%         4
 Summon Lightning Spire   Summ/Air       31%        N/A       17%         4
 Animate Armour           Summ/Erth      58%        N/A       21%         4
 Confusing Touch          Hex            11%        N/A       26%         3
 Portal Projectile        Hex/Tloc       22%        N/A       26%         3
 Tukima's Dance           Hex            11%        N/A       26%         3
 Manifold Assault         Tloc           11%        N/A       65%         4
 Iskenderun's Battlesphe  Conj           52%        2d10      1%          5
 Arcjolt                  Conj/Air       25%        1d35      2%          5
 Agony                    Necr           60%        N/A       3%          5
 Starburst                Conj/Fire      26%        6d8       11%         6
 Conjure Ball Lightning   Conj/Air       25%        3x3d7     12%         6
 Iron Shot                Conj/Erth      25%        9d5       13%         6
 Simulacrum               Ice/Necr       28%        N/A       24%         6
 Metabolic Englaciation   Hex/Ice        16%        N/A       36%         5
 Silence                  Hex/Air        15%        N/A       43%         5
 Orb of Destruction       Conj           26%        9d9       45%         7
 Blade Hands              Tmut           5%         N/A       94%         5
 Lehudib's Crystal Spear  Conj/Erth      25%        10d7      99%         8
 Maxwell's Capacitive Co  Air            25%        ∞         99%         8
 Dispersal                Tloc           5%         N/A       100%        6
 Summon Cactus Giant      Summ           5%         N/A       100%        6
 Discord                  Hex            5%         N/A       100%        8
 Disjunction              Tloc           5%         N/A       100%        8

Inventory:

Hand Weapons
 a - the +7 sling "Boheso" (weapon) {elec, rElec rCorr Str+2}
   (You found it on level 12 of the Dungeon)

   Str:       It affects your strength (+2).
   rElec:     It insulates you from electricity.
   rCorr:     It protects you from acid and corrosion.
 Y - the +1 falchion "Trog's Vengeance" {drain, Will+ rCorr SInv}
   (You found it on level 5 of the Lair of Beasts)

   SInv:      It lets you see invisible.
   rCorr:     It protects you from acid and corrosion.
   Will:      It increases your willpower.
Missiles
 H - 3 throwing nets {=f}
 J - 9 curare-tipped darts {=f}
 P - 8 poisoned darts
Armour
 n - a scarf of resistance
 t - a +0 buckler (worn)
 w - the +4 skin of Zhor {*Englaciate rC+++ SInv}
   (You found it in an ice cave)

   *Englaciate: It radiates cold, occasionally slowing all nearby creatures who
   are not resistant to cold.
   rC:        It renders you almost immune to cold.
   SInv:      It lets you see invisible.
 y - an orb of energy
 C - the +0 helmet "Cocracy" (worn) {rC+ Will++ Slay+3 Stlth-}
   (You took it off Robin on level 2 of the Dungeon)

   Slay:      It affects your accuracy & damage with ranged weapons and melee
   (+3).
   rC:        It protects you from cold.
   Will:      It greatly increases your willpower.
   Stlth:     It makes you less stealthy.
 D - a +0 troll leather armour (worn)
 R - the scarf of Inference (worn) {repulsion, rElec rC+}
   (You acquired it on level 4 of the Lair of Beasts)

   rC:        It protects you from cold.
   rElec:     It insulates you from electricity.
 U - the -1 cloak "Eplo" {rF+ Regen+ Dex-5}
   (You found it on level 10 of the Dungeon)

   Dex:       It affects your dexterity (-5).
   rF:        It protects you from fire.
   Regen:     It increases your rate of health regeneration.
 V - the +0 pair of gloves of Etul (worn) {rPois}
   (You bought it in a shop on level 12 of the Dungeon)

   rPois:     It protects you from poison.
Jewellery
 g - an amulet of regeneration
 I - a +6 ring of intelligence (right hand)
 O - an amulet of magic regeneration (around neck)
 T - the ring "Dabbash" {Fly Will+++ Int-3 Dex+3}
   (You found it on level 12 of the Dungeon)

   [ring of flight]

   Int:       It affects your intelligence (-3).
   Dex:       It affects your dexterity (+3).
   Fly:       It grants you flight.
   Will:      It greatly increases your willpower.
 X - a +6 ring of dexterity (left hand)
Wands
 f - a wand of light (5)
 q - a wand of mindburst (8)
 u - a wand of charming (8)
 N - a wand of polymorph (7)
 Q - a wand of flame (52)
 Z - a wand of iceblast (33)
Scrolls
 b - 3 scrolls of silence {!r}
 l - 6 scrolls of enchant armour
 m - 4 scrolls of immolation {!r}
 o - 4 scrolls of blinking
 r - 3 scrolls of magic mapping
 s - a scroll of vulnerability {!r}
 v - 3 scrolls of amnesia
 x - 4 scrolls of enchant weapon
 F - a scroll of summoning
 G - 4 scrolls of poison {!r}
 K - 5 scrolls of fog
 L - 5 scrolls of teleportation {@r4}
 S - 6 scrolls of fear
Potions
 d - 5 potions of heal wounds {@q2}
 e - 4 potions of might
 h - 5 potions of mutation {!q}
 j - 2 potions of brilliance
 k - 5 potions of flight
 p - 3 potions of invisibility
 z - 6 potions of curing {@q1}
 A - 3 potions of haste {@q3}
 B - 2 potions of magic
 E - 2 potions of ambrosia
 M - a potion of resistance
Miscellaneous
 c - a condenser vane
 W - a lightning rod (4/4)

Dungeon Overview and Level Annotations

Branches:
Dungeon (15/15)            Temple (1/1) D:6            Lair (5/5) D:8
  Swamp (1/4) Lair:3       Spider (0/4) Lair:3        Slime (0/5) Lair:5
    Orc (2/2) D:10            Elf (0/3) Orc:2        Vaults (0/5) D:13
 Depths (0/4) D:15          Sewer (visited)           IceCv (visited)

Altars:
Ashenzari
Cheibriados
Dithmenos
Elyvilon
Fedhas
Gozag
Hepliaklqana
Kikubaaqudgha
Nemelex Xobeh
Okawaru
Qazlal
Ru
Sif Muna
Trog
Vehumet
Wu Jian
Xom
Yredelemnul
Zin
The Shining One

Shops:
D:12 *([*   Orc:2 [**?

Annotations:
D:10 2 transporters, exclusion: orange crystal statue
D:12 3 runed translucent doors, Ihaveafatcat's ghost, journeyman HOFi; cheesebisquit's ghost, journeyman DrFE; cheesebisquit's ghost, journeyman GrEE
D:14 2 transporters, Jiolyugh's ghost, journeyman GrEE

♣~...~~~~.♣♣ ♣
♣♣......~...♣♣♣
♣♣........~...♣♣
♣♣.###....(...♣.. ♣♣
♣♣..#...........~. ♣♣.♣♣♣♣
♣°........#...~~~~
♣...~.♣♣♣.°..†..#.#....~~.
♣.~~..♣♣Z°†ZDt...........
♣♣.~..~♣♣@##.##.......~†♣♣
♣..~~..~♣.##§.○..........♣
♣...~.~...##....###.#..~.~
♣....~~~§.#.....#.#w..§~.♣
♣♣~~~..~..~Z.....#.#..♣~.♣♣
♣~.~~.........#....w...~.♣♣
♣♣.~.........†......~~.~~.~
♣.........~.~.~)..♣....~~♣♣
♣♣~.~~...~.....~..~§~♣..~♣♣


You could see a ghost crab (unaware, ally target), a spectral alligator snapping
turtle (summoned), 2 spectral fenstrider witches and a friendly swamp dragon
(summoned, drained).


Message History

The ghost crab barely misses your swamp dragon.
The ghost crab claws your swamp dragon.
Your swamp dragon is engulfed in spectral mist.
Your swamp dragon bites the ghost crab but does no damage.
Your swamp dragon claws the ghost crab but does no damage.
Your swamp dragon tramples the ghost crab but does no damage.
Really walk into that cloud of spectral mist?
Okay, then.
Unknown command.
You shoot a sling bullet.
The sling bullet hits the spectral fenstrider witch!
The spectral fenstrider witch is lightly damaged.
The spectral fenstrider witch hits you!
* * * LOW HITPOINT WARNING * * *
The spectral fenstrider witch barely misses you.
Your alligator bites the ghost crab.
Your alligator tail-slaps the ghost crab!
The ghost crab barely misses your alligator.
The ghost crab claws your alligator! The ghost crab drains your alligator.
Your alligator dies!
Your alligator's corpse dissolves into shadows!
Unknown command.
The spectral fenstrider witch hits you!
* * * LOW HITPOINT WARNING * * *
You feel drained.
* * * LOW HITPOINT WARNING * * *
The spectral fenstrider witch kicks you!
* * * LOW HITPOINT WARNING * * *
You feel drained.
You die...

Skill      XL: |  1  2  3  4  5  6  7  8  9 10 11 12 13 14 15 16 17 18 |
---------------+-------------------------------------------------------+-----
Ranged Weapons | 1 2 3 4 5 6 7 8 9 10 11 | 11.4
Short Blades   | 4 5 6 7 8 |  8.0
Stealth        | 2 3 4 5 |  5.0
Shields        | 1 2 3 4 5 6 |  6.0
Fighting       | 4 5 6 7 8 |  8.7
Spellcasting   | 2 4 5 6 7 8 9 |  9.1
Necromancy     | 2 4 5 6 7 8 9 10 | 10.7
Throwing       | 1 2 3 4 5 6 |  6.0
Evocations     | 2 3 4 5 6 7 |  7.0
Air Magic      | 2 4 5 6 7 8 |  8.0
Poison Magic   | 2 4 5 6 7 8 |  8.0
Conjurations   | 2 3 4 5 6 7 8 |  8.5
Ice Magic      | 2 4 5 6 7 8 |  8.7
Earth Magic    | 2 3 5 6 7 |  7.2
Fire Magic     | 2 4 5 6 7 8 |  8.4
Axes           | |  1.0
Dodging        | |  1.0

Action                     |  1- 3 |  4- 6 |  7- 9 | 10-12 | 13-15 | 16-18 || total
---------------------------+-------+-------+-------+-------+-------+-------++-------
  Melee: Short sword       |   130 |    31 |       |       |       |       ||   161
         Punch             |     2 |     1 |       |       |       |       ||     3
         Flail             |       |       |       |     3 |       |       ||     3
   Fire: Sling             |       |   114 |   273 |   364 |   484 |   322 ||  1557
  Throw: Dart              |       |       |       |     1 |       |       ||     1
   Cast: Stone Arrow       |       |       |       |    97 |   175 |   216 ||   488
         Poisonous Vapours |       |       |       |    19 |    10 |    12 ||    41
         Dispel Undead     |       |       |       |    11 |       |     8 ||    19
         Freezing Cloud    |       |       |       |     2 |    72 |    42 ||   116
         Frozen Ramparts   |       |       |       |     2 |       |       ||     2
         Foxfire           |       |       |       |     1 |       |       ||     1
         Fireball          |       |       |       |       |    10 |    39 ||    49
         Ozocubu's Refrige |       |       |       |       |       |     1 ||     1
  Evoke: Wand              |       |     2 |     4 |    23 |     5 |     4 ||    38
         Condenser vane    |       |       |       |       |       |     1 ||     1
    Use: Potion            |       |     2 |       |     1 |     1 |     4 ||     8
         Scroll            |       |       |    12 |    13 |    13 |     6 ||    44
   Stab: Sleeping          |     5 |     1 |       |       |       |       ||     6
 Armour: Robe              |    24 |     9 |    37 |    18 |       |       ||    88
         Troll leather arm |       |       |       |    33 |    64 |    28 ||   125
  Dodge: Dodged            |    64 |    47 |    68 |   155 |   106 |    71 ||   511
         Repelled          |       |       |       |     5 |     7 |     2 ||    14
  Block: Other             |    24 |     5 |       |       |       |       ||    29
         Buckler           |       |    34 |   113 |   168 |    82 |    47 ||   444
         Reflection        |       |     2 |    12 |     1 |       |       ||    15

Levels and vault maps discovered:
D:1:      nzn_arrival_settlement, layout_basic
D:2:      layout_basic, basic_altar, uniq_robin, uniq_natasha, uniq_terence,
          uniq_jessica
D:3:      layout_rooms, hellmonk_ecumenical_altar_inner_sanctum,
          gup_sewer_entry_pipe, serial_corexii_hall,
          corexii_hall_statues_deadend, chequers_hall_statues_wall_a,
          chequers_hall_statues_wall_a, chequers_hall_statues_corner_a
D:4:      layout_loops_ring, nicolae_qazlal_scattered_showers,
          nicolae_gozag_cash_rules_everything_around_me
D:5:      layout_layer_cave, nicolae_kikubaaqudgha_miasma_corner,
          nicolae_ru_sacrificial_ziggurat, kennysheep_opposing_triangles
D:6:      layout_rooms, minmay_temple_entry_arrows,
          chequers_serial_rivers_room_b, uniq_menkaure
D:7:      layout_basic, elyvilon_altar_1, nemelex_spade_bored_becter,
          uniq_prince_ribbit1
D:8:      layout_cave_pods, grunt_lair_entry_orc_guard_hut
D:9:      layout_basic, mainiacjoe_overflow_catwalk_spiral,
          kennysheep_mini_moat, serial_bayou, serial_bayou_lake_a,
          serial_bayou_shore_b, serial_bayou_pond_a, serial_bayou_shore_b,
          kennysheep_generic_room_14
D:10:     gammafunk_sealed_arena, layout_loops_corners,
          mainiacjoe_overflow_six_doors_small, orc_0_dummy, uniq_snorg,
          uniq_josephine
D:11:     layout_irregular_city, st_stairs_2
D:12:     layout_long_grid, serial_shops, nicolae_shop_rolling_square, shop,
          nicolae_shop_hallway_stairs, shop, gammafunk_ghost_cemetery,
          corexii_hall_statues_u, chequers_avenue, mrwooster_statue_mirror,
          drop_trap
D:13:     layout_stronghold, david_vaults_3, hangedman_fish_farm
D:14:     hangedman_cross_veins, layout_basic, portal_ice_cave_entry_ugly_swarm,
          gammafunk_ghost_mausoleum, grunt_decor_junction, uniq_nessos
D:15:     grunt_enter_depths_snipers, layout_rooms
Temple:   chequers_temple_sunken
Lair:1:   layout_hall_layers, infiniplex_staircase_pool, uniq_harold
Lair:2:   layout_cave_pods, grunt_forest_small_clearing_treed,
          infiniplex_staircase_pool_2, serial_bayou_shore_a, uniq_nergalle
Lair:3:   onia_ninara_swampy_vault, layout_layer_cave, swamp_mist_pool,
          nicolae_spider_entry_orb_guardian, uniq_kirke, uniq_amaemon,
          uniq_gastronok
Lair:4:   layout_hall_layers, chequers_serial_rivers_room_a, lemuel_fruit_fields
Lair:5:   cheibrodos_lair_end_hotspot, layout_cave_shapes,
          nicolae_slime_entry_slimehenge, ice2_lemuel, uniq_sonja
Swamp:1:  layout_falls_marsh, evilmike_swamp_ruin_rubble_1, uniq_jorgrun
Orc:1:    dreamdust_dug_too_deep, layout_diamond_mine,
          hellmonk_bongcloud_opening, lightli_orcish_oven
Orc:2:    grunt_orc_tribal_feast, layout_caves

Notes
Turn   | Place    | Note
-------+----------+-------------------------------------------
     0 | D:1      | Jeffwins the Human Wanderer began the quest for the Orb.
     0 | D:1      | Jeffwins set off with the following items: a +2 short
                  | sword, a +0 hand axe, a +0 cloak, a potion of heal wounds
                  | {@q2}, a +0 robe.
     0 | D:1      | Reached XP level 1. HP: 18/18 MP: 1/1
    46 | D:1      | Reached XP level 2. HP: 22/24 MP: 2/2
   149 | D:1      | Reached XP level 3. HP: 22/29 MP: 3/3
   881 | D:2      | Noticed Terence
  1001 | D:3      | Reached skill level 1 in Ranged Weapons
  1001 | D:3      | Reached XP level 4. HP: 33/35 MP: 4/4
  1026 | D:3      | Found a glowing drain.
  1046 | Sewer    | Entered a sewer
  1106 | Sewer    | Noticed a water moccasin
  1117 | Sewer    | Killed a water moccasin
  1118 | Sewer    | Reached skill level 4 in Short Blades
  1118 | Sewer    | Reached skill level 2 in Ranged Weapons
  1118 | Sewer    | Reached skill level 2 in Stealth
  1118 | Sewer    | Reached XP level 5. HP: 38/42 MP: 5/5
  1574 | D:3      | Reached XP level 6. HP: 24/48 MP: 6/6
  1811 | D:3      | Found a faded altar of an unknown god.
  1968 | D:2      | Found a shimmering altar of Xom.
  2073 | D:2      | Identified the +0 helmet "Cocracy" {rC+ Will++ Slay+3
                  | Stlth-}
  2073 | D:2      | Noticed Robin
  2083 | D:2      | Noticed Natasha
  2084 | D:2      | Noticed Jessica
  2367 | D:4      | Reached skill level 1 in Shields
  2368 | D:4      | Reached skill level 4 in Fighting
  2368 | D:4      | Reached skill level 3 in Ranged Weapons
  2738 | D:4      | Found a stormy altar of Qazlal.
  2812 | D:4      | Found an opulent altar of Gozag.
  3059 | D:2      | Identified the +0 sling "Xueniom" {heavy, Int+3}
  3089 | D:2      | Reached XP level 7. HP: 54/54 MP: 7/7
  3119 | D:2      | Killed Robin
  3120 | D:2      | Reached skill level 3 in Stealth
  3150 | D:2      | Killed Natasha
  3151 | D:2      | Reached skill level 5 in Short Blades
  3204 | D:2      | Noticed Natasha
  3209 | D:2      | Killed Natasha
  3248 | D:2      | Killed Jessica
  3461 | D:2      | Killed Terence
  3564 | D:2      | Noticed Natasha
  3567 | D:2      | Killed Natasha
  3609 | D:5      | Entered Level 5 of the Dungeon
  3637 | D:5      | Found a sacrificial altar of Ru.
  3860 | D:5      | Reached skill level 4 in Ranged Weapons
  3863 | D:5      | Reached skill level 2 in Shields
  3863 | D:5      | Reached XP level 8. HP: 46/61 MP: 8/8
  4518 | D:5      | Reached skill level 6 in Short Blades
  4518 | D:5      | Reached skill level 4 in Stealth
  4524 | D:5      | Found an ancient bone altar of Kikubaaqudgha.
  5122 | D:6      | Noticed Menkaure
  5138 | D:6      | Killed Menkaure
  5139 | D:6      | Reached skill level 5 in Fighting
  5139 | D:6      | Reached skill level 5 in Ranged Weapons
  5223 | D:6      | Found a staircase to the Ecumenical Temple.
  5230 | Temple   | Entered the Ecumenical Temple
  5256 | Temple   | Became a worshipper of Vehumet
  5309 | D:6      | Reached skill level 3 in Shields
  5315 | D:6      | Reached XP level 9. HP: 68/68 MP: 9/9
  5325 | D:6      | Learned a level 4 spell: Dispel Undead
  5452 | D:6      | Reached skill level 1 in Spellcasting
  5622 | D:7      | Found a white marble altar of Elyvilon.
  5676 | D:7      | Found a sparkling altar of Nemelex Xobeh.
  5698 | D:7      | Noticed a hornet
  6015 | D:7      | Paralysed by a hornet for 2 turns
  6016 | D:7      | Killed a hornet
  6017 | D:7      | Reached skill level 1 in Necromancy
  6575 | D:7      | Noticed Prince Ribbit
  6580 | D:7      | Killed Prince Ribbit
  6581 | D:7      | Reached skill level 1 in Throwing
  6584 | D:7      | Identified the +6 flail of Indomitability {drain, Drain
                  | *Slow rC+ Dex+2 Stlth+}
  6960 | D:7      | Reached * piety under Vehumet
  6960 | D:7      | Offered knowledge of Foxfire by Vehumet.
  6964 | D:7      | Reached skill level 2 in Spellcasting
  6971 | D:7      | Reached skill level 2 in Necromancy
  6971 | D:7      | Reached skill level 2 in Evocations
  7185 | D:8      | Reached skill level 6 in Ranged Weapons
  7186 | D:8      | Reached skill level 7 in Short Blades
  7186 | D:8      | Reached skill level 5 in Stealth
  7410 | D:8      | Reached XP level 10. HP: 56/74 MP: 13/13
  7519 | D:8      | Reached skill level 2 in Throwing
  7529 | D:8      | Reached skill level 4 in Shields
  7529 | D:8      | Reached skill level 3 in Spellcasting
  7529 | D:8      | Reached skill level 3 in Necromancy
  7794 | D:8      | Found a staircase to the Lair.
  7806 | D:8      | HP: 5/65 [orc warrior/+1 dire flail of draining (3)]
  8127 | D:8      | Learned a level 1 spell: Foxfire
  8415 | D:8      | Reached ** piety under Vehumet
  8415 | D:8      | Offered knowledge of Poisonous Vapours by Vehumet.
  8420 | D:8      | Reached skill level 3 in Evocations
  9079 | D:9      | Reached skill level 4 in Necromancy
  9346 | D:9      | Reached skill level 7 in Ranged Weapons
  9346 | D:9      | Reached skill level 4 in Spellcasting
  9394 | D:9      | Learned a level 2 spell: Poisonous Vapours
  9441 | D:9      | Found a shimmering blue altar of Sif Muna.
  9528 | D:9      | Reached skill level 6 in Fighting
  9552 | D:9      | Offered knowledge of Searing Ray by Vehumet.
  9572 | D:9      | Reached XP level 11. HP: 76/81 MP: 17/17
  9630 | D:9      | Reached skill level 1 in Air Magic
  9704 | D:9      | Found an iron altar of Okawaru.
  9815 | D:9      | Reached skill level 3 in Throwing
  9819 | D:9      | Learned a level 3 spell: Stone Arrow
  9828 | D:9      | Reached skill level 1 in Poison Magic
  9832 | D:9      | Learned a level 3 spell: Frozen Ramparts
  9999 | D:9      | Found a shimmering altar of Xom.
 10148 | D:10     | Entered Level 10 of the Dungeon
 10162 | D:10     | Reached skill level 8 in Short Blades
 10300 | D:10     | Found a transporter.
 10305 | D:10     | Noticed a glowing orange brain
 10305 | D:10     | Noticed a fire giant
 10308 | D:10     | Noticed an orange crystal statue
 10308 | D:10     | Noticed a brown ugly thing
 10309 | D:10     | Noticed an orc knight
 10312 | D:10     | Noticed an orc knight
 10320 | D:10     | Found a staircase to the Orcish Mines.
 10386 | D:10     | Reached skill level 1 in Conjurations
 10386 | D:10     | Reached skill level 1 in Ice Magic
 10386 | D:10     | Reached skill level 1 in Earth Magic
 10389 | D:10     | Reached *** piety under Vehumet
 10435 | D:10     | Noticed Snorg
 10449 | D:10     | Killed Snorg
 10450 | D:10     | Reached skill level 2 in Air Magic
 10450 | D:10     | Reached skill level 2 in Poison Magic
 10574 | D:10     | Identified the -1 cloak "Eplo" {rF+ Regen+ Dex-5}
 10661 | D:10     | Found a glowing golden altar of the Shining One.
 10800 | D:10     | Found a transporter.
 11014 | D:10     | Reached skill level 5 in Necromancy
 11026 | D:10     | Reached skill level 2 in Ice Magic
 11026 | D:10     | Reached skill level 2 in Earth Magic
 11282 | D:10     | Noticed Josephine
 11292 | D:10     | Reached skill level 2 in Conjurations
 11401 | D:10     | Killed Josephine
 12026 | D:11     | Reached skill level 4 in Evocations
 12329 | D:11     | Learned a level 5 spell: Fireball
 12349 | D:11     | Noticed a cyclops
 12359 | D:11     | Killed a cyclops
 12359 | D:11     | Offered knowledge of Flame Wave by Vehumet.
 12469 | D:11     | Reached XP level 12. HP: 89/89 MP: 1/19
 12597 | D:11     | Identified the +0 scale mail of Darkness {Harm Str+3 Int-5
                  | Stlth+}
 12762 | D:11     | Reached skill level 5 in Spellcasting
 12762 | D:11     | Reached skill level 3 in Air Magic
 12785 | D:11     | Reached skill level 5 in Shields
 13006 | D:12     | Noticed a centaur warrior
 13012 | D:12     | Reached skill level 3 in Poison Magic
 13068 | D:12     | Reached skill level 1 in Fire Magic
 13134 | D:12     | Killed a centaur warrior
 13135 | D:12     | Reached skill level 3 in Ice Magic
 13255 | D:12     | Found Exkiwyl's Assorted Antiques.
 13261 | D:12     | Bought a scroll of identify for 56 gold pieces
 13261 | D:12     | Bought 2 metallic red potions for 50 gold pieces
 13261 | D:12     | Bought an encrusted tourmaline ring for 140 gold pieces
 13275 | D:12     | Reached skill level 3 in Earth Magic
 13416 | D:12     | Identified the ring "Dabbash" {Fly Will+++ Int-3 Dex+3}
 13486 | D:12     | Identified the +7 hand axe of Profit {elec, Int+3}
 13491 | D:12     | Found Posoduyd's Weapon Boutique.
 13563 | D:12     | Identified the +7 sling "Boheso" {elec, rElec rCorr Str+2}
 13591 | D:12     | Noticed a sun demon
 13593 | D:12     | Reached skill level 3 in Conjurations
 13825 | D:12     | Found Vubraf's Assorted Antiques.
 13832 | D:12     | Bought a scroll of identify for 62 gold pieces
 13846 | D:12     | Found Asucar's Armour Emporium.
 13854 | D:12     | Bought the +0 pair of gloves of Etul {rPois} for 235 gold
                  | pieces
 13876 | D:12     | Found a runed translucent gate.
 13876 | D:12     | Found a runed translucent gate.
 13876 | D:12     | Found a runed translucent gate.
 13971 | D:12     | Noticed cheesebisquit's ghost (journeyman GrEE)
 13971 | D:12     | Noticed Ihaveafatcat's ghost (journeyman HOFi)
 13971 | D:12     | Noticed cheesebisquit's ghost (journeyman DrFE)
 14051 | D:12     | Reached skill level 8 in Ranged Weapons
 14466 | Lair:1   | Entered Level 1 of the Lair of Beasts
 14631 | Lair:1   | Reached skill level 2 in Fire Magic
 14704 | Lair:1   | Reached **** piety under Vehumet
 14853 | Lair:1   | Offered knowledge of Freezing Cloud by Vehumet.
 15145 | Lair:1   | Noticed Harold
 15165 | Lair:1   | Killed Harold
 15166 | Lair:1   | Reached skill level 4 in Throwing
 15382 | Lair:2   | Reached skill level 4 in Air Magic
 15476 | Lair:2   | Noticed a skyshark
 15476 | Lair:2   | Noticed a five-headed hydra
 15484 | Lair:2   | Learned a level 5 spell: Freezing Cloud
 15488 | Lair:2   | Killed a five-headed hydra
 15489 | Lair:2   | Reached skill level 6 in Necromancy
 15493 | Lair:2   | Killed a skyshark
 15494 | Lair:2   | Reached skill level 4 in Poison Magic
 15580 | Lair:2   | Reached skill level 4 in Ice Magic
 15580 | Lair:2   | Reached XP level 13. HP: 95/95 MP: 21/21
 15659 | Lair:2   | Noticed Nergalle
 15687 | Lair:2   | Killed Nergalle
 15790 | Lair:2   | Reached skill level 4 in Earth Magic
 15832 | Lair:2   | Identified a potion of resistance
 16584 | Lair:3   | Reached skill level 4 in Conjurations
 16588 | Lair:3   | Reached skill level 3 in Fire Magic
 16847 | Lair:3   | Noticed a seven-headed hydra
 16851 | Lair:3   | Killed a seven-headed hydra
 17172 | Lair:3   | Reached skill level 7 in Fighting
 17223 | Lair:3   | Noticed Kirke
 17230 | Lair:3   | Killed Kirke
 17231 | Lair:3   | Reached skill level 6 in Spellcasting
 17312 | Lair:3   | Noticed a seven-headed hydra
 17315 | Lair:3   | Killed a seven-headed hydra
 17318 | Lair:3   | Found a staircase to the Swamp.
 17496 | Lair:3   | Noticed Amaemon
 17508 | Lair:3   | Killed Amaemon
 17509 | Lair:3   | Reached skill level 5 in Air Magic
 17509 | Lair:3   | Reached skill level 5 in Evocations
 17645 | Lair:3   | Noticed Gastronok
 17682 | Lair:3   | Killed Gastronok
 17683 | Lair:3   | Reached skill level 5 in Poison Magic
 17890 | Lair:3   | Found a hole to the Spider Nest.
 17895 | Lair:3   | Reached skill level 4 in Fire Magic
 17895 | Lair:3   | Reached skill level 5 in Ice Magic
 18083 | Lair:3   | Noticed an eight-headed hydra
 18087 | Lair:3   | Killed an eight-headed hydra
 18087 | Lair:3   | Reached ***** piety under Vehumet
 18088 | Lair:3   | Reached skill level 5 in Earth Magic
 18096 | Lair:3   | Reached XP level 14. HP: 103/103 MP: 20/23
 18105 | Lair:3   | Found the +8 arc blade {discharge, rElec}
 18114 | Lair:3   | Offered knowledge of Ozocubu's Refrigeration by Vehumet.
 18115 | Lair:3   | Reached skill level 5 in Conjurations
 18140 | Lair:3   | Reached skill level 9 in Ranged Weapons
 18141 | Lair:3   | Reached skill level 7 in Necromancy
 18698 | Lair:3   | Learned a level 7 spell: Ozocubu's Refrigeration
 18789 | Lair:4   | Identified a scroll of acquirement
 18799 | Lair:4   | Acquired the scarf of Inference {repulsion, rElec rC+}
 18905 | Lair:4   | Reached skill level 5 in Throwing
 19692 | Lair:4   | Reached skill level 5 in Fire Magic
 19692 | Lair:4   | Reached skill level 6 in Air Magic
 19907 | Lair:4   | Reached skill level 6 in Shields
 20247 | Lair:5   | Entered Level 5 of the Lair of Beasts
 20443 | Lair:4   | Reached skill level 6 in Ice Magic
 20564 | Lair:5   | Reached skill level 6 in Earth Magic
 20568 | Lair:5   | Reached skill level 7 in Spellcasting
 20659 | Lair:5   | Identified the +1 falchion "Trog's Vengeance" {drain, Will+
                  | rCorr SInv}
 20759 | Lair:5   | Reached skill level 6 in Poison Magic
 20786 | Lair:5   | Reached XP level 15. HP: 95/109 MP: 9/25
 20799 | Lair:5   | Reached skill level 6 in Conjurations
 20969 | Lair:5   | Noticed Sonja
 20972 | Lair:5   | Killed Sonja
 21100 | Lair:5   | Found a large runed translucent door.
 21149 | Lair:5   | Offered knowledge of Spellforged Servitor by Vehumet.
 21303 | Lair:5   | Found a large runed translucent door.
 21532 | Lair:5   | Found a staircase to the Slime Pits.
 21538 | Lair:5   | Reached skill level 8 in Necromancy
 21800 | Lair:5   | Reached skill level 6 in Fire Magic
 22170 | Lair:5   | Reached skill level 10 in Ranged Weapons
 22546 | Lair:5   | Got Qohoenn's Spellbook of Exhalation and the Fault
 23123 | D:13     | Reached skill level 6 in Evocations
 23286 | D:13     | Noticed Urug
 23288 | D:13     | Noticed Rupert
 23291 | D:13     | Reached skill level 7 in Air Magic
 23298 | D:13     | Killed Rupert
 23303 | D:13     | Killed Urug
 23307 | D:13     | Offered knowledge of Irradiate by Vehumet.
 23309 | D:13     | Reached skill level 7 in Ice Magic
 23418 | D:13     | Found a gate to the Vaults.
 24000 | D:14     | Reached skill level 8 in Fighting
 24049 | D:14     | Noticed Nessos
 24061 | D:13     | Reached XP level 16. HP: 35/117 MP: 1/27
 24132 | D:14     | Nessos changed into Nessos the two-headed ogre
 24132 | D:14     | Noticed Nessos
 24134 | D:14     | Killed Nessos the two-headed ogre
 24148 | D:14     | Reached skill level 7 in Earth Magic
 24194 | D:14     | Found a frozen archway.
 24248 | IceCv    | Entered an ice cave
 24269 | IceCv    | Reached skill level 7 in Conjurations
 24294 | IceCv    | Reached skill level 7 in Poison Magic
 24304 | IceCv    | Reached skill level 6 in Throwing
 24898 | IceCv    | Identified a scarf of resistance
 24900 | IceCv    | Identified a +0 crystal plate armour of cold resistance
 24928 | IceCv    | Reached skill level 8 in Spellcasting
 24968 | IceCv    | Reached skill level 7 in Fire Magic
 24984 | IceCv    | Found an ancient bone altar of Kikubaaqudgha.
 25005 | IceCv    | Found the +4 skin of Zhor {*Englaciate rC+++ SInv}
 25378 | IceCv    | Noticed a lich
 25452 | IceCv    | Killed a lich
 25461 | IceCv    | Reached ****** piety under Vehumet
 25827 | D:14     | Found a transporter.
 25830 | D:14     | Noticed Jiolyugh's ghost (journeyman GrEE)
 25933 | D:14     | Reached skill level 9 in Necromancy
 25990 | D:14     | Found a transporter.
 26253 | D:14     | Reached skill level 8 in Air Magic
 26253 | D:14     | Offered knowledge of Eringya's Noxious Bog by Vehumet.
 26666 | D:15     | Entered Level 15 of the Dungeon
 26908 | D:15     | Got Sif Muna's Anthology of Hexes and Blasts
 26950 | D:15     | Reached skill level 8 in Ice Magic
 26950 | D:15     | Reached XP level 17. HP: 80/123 MP: 23/29
 26993 | D:15     | Found a staircase to the Depths.
 27495 | Orc:1    | Entered Level 1 of the Orcish Mines
 28114 | Orc:1    | Found a runed translucent door.
 28394 | Orc:2    | Entered Level 2 of the Orcish Mines
 28920 | Orc:2    | Offered knowledge of Lee's Rapid Deconstruction by Vehumet.
 28934 | Orc:2    | Learned a level 5 spell: Lee's Rapid Deconstruction
 28948 | Orc:2    | Found a staircase to the Elven Halls.
 29011 | Orc:2    | Reached skill level 11 in Ranged Weapons
 29053 | Orc:2    | Reached skill level 8 in Poison Magic
 29066 | Orc:2    | Reached skill level 8 in Conjurations
 29126 | Orc:2    | Reached skill level 10 in Necromancy
 29133 | Orc:2    | Reached skill level 8 in Fire Magic
 29158 | Orc:2    | Found Qusuacru's Magic Scroll Boutique.
 29158 | Orc:2    | Found Lawoerum's Armour Shoppe.
 29160 | Orc:2    | Found Periemapri's General Store.
 29160 | Orc:2    | Found Jeuczisi's General Store.
 29169 | Orc:2    | Bought a potion of experience for 700 gold pieces
 29169 | Orc:2    | Reached skill level 7 in Evocations
 29169 | Orc:2    | Reached XP level 18. HP: 131/131 MP: 30/30
 29171 | Orc:2    | Bought a scroll of summoning for 142 gold pieces
 29174 | Orc:2    | Bought a scroll of identify for 24 gold pieces
 29174 | Orc:2    | Bought a scroll of identify for 24 gold pieces
 29185 | Orc:2    | Bought a scroll of summoning for 114 gold pieces
 29452 | Swamp:1  | Entered Level 1 of the Swamp
 29462 | Swamp:1  | Reached skill level 9 in Spellcasting
 29711 | Swamp:1  | Paralysed by a hornet for 1 turns
 29727 | Swamp:1  | HP: 4/127 [spectral fenstrider witch[a ghost crab] (16)]
 29727 | Swamp:1  | Slain by a spectral fenstrider witch

Vanquished Creatures
  A lich (IceCv)
  Gastronok (Lair:3)
  Kirke (Lair:3)
  A balrug (Orc:1)
  An orc warlord (Orc:2)
  An eleionoma (Swamp:1)
  A very ugly thing (D:14)
  A stone giant (D:15)
  A bunyip (Swamp:1)
  An entropy weaver (shapeshifter) (D:14)
  A rakshasa (D:14)
  2 caustic shrike simulacra (IceCv)
  A fire dragon (D:14)
  Harold (Lair:1)
  11 hydras
  2 catoblepae
  A ghost crab (Swamp:1)
  2 boulder beetles
  2 alligators
  3 centaur warriors
  A two-headed ogre (D:14)
  3 tengu warriors (D:15)
  3 orc high priests (Orc:2)
  Sonja (Lair:5)
  Amaemon (Lair:3)
  3 spriggans (Swamp:1)
  2 skysharks
  A fire crab (D:14)
  A goliath frog (Lair:3)
  A glowing orange brain (D:14)
  A swamp dragon (shapeshifter) (D:14)
  2 swamp dragons
  3 bog bodies
  A spriggan simulacrum (IceCv)
  An obsidian statue (IceCv)
  An orb spider (Lair:3)
  A lindwurm (Lair:5)
  A harpy (shapeshifter) (D:15)
  A necromancer (IceCv)
  2 deep elf pyromancers
  5 orc knights
  15 ugly things
  4 orc sorcerers
  2 manticores
  6 cyclopes
  5 black mambas
  28 elephants
  An ice statue (Lair:5)
  An orange demon (Lair:3)
  10 cane toads
  2 gargoyles
  A kobold demonologist (D:12)
  3 molten gargoyles (Lair:5)
  A yaktaur (D:14)
  8 rime drakes
  2 efreet
  17 freezing wraiths
  2 tengu conjurers
  3 ice devils
  2 golden dragon simulacra (IceCv)
  3 anaconda simulacra (IceCv)
  11 komodo dragons
  11 trolls
  8 polar bears
  A merfolk (D:13)
  4 meliai
  A raiju (shapeshifter) (D:14)
  Prince Ribbit (D:7)
  24 blink frogs
  5 hornets
  9 dream sheep
  A centaur simulacrum (D:14)
  5 slime creatures (D:13)
  A shadow (D:13)
  8 wyverns
  6 wraiths
  38 yaks
  5 dire elephant simulacra (IceCv)
  15 vampire mosquitoes
  3 hogs (Lair:3)
  11 humans (D:13)
  2 minotaur simulacra (IceCv)
  2 steam dragons
  9 basilisks
  Menkaure (D:6)
  2 harpy simulacra (IceCv)
  4 swamp worms
  A warg (Orc:2)
  An acid dragon (D:10)
  2 hydra simulacra (IceCv)
  15 water moccasins
  3 swamp drakes (Lair:3)
  2 ice beasts (Lair:5)
  16 orc warriors
  2 alligator simulacra (IceCv)
  3 hell hounds (Lair:5)
  A black bear (Lair:2)
  2 ettin simulacra (IceCv)
  A sky beast (D:8)
  A boggart (D:14)
  9 ogres
  12 wolves
  7 centaurs
  A kobold brigand (D:6)
  A phantom (D:5)
  11 bullfrogs
  3 gnoll sergeants
  5 scorpions
  A deep troll simulacrum (IceCv)
  16 killer bees
  2 lindwurm simulacra (IceCv)
  9 electric eels (D:9)
  7 howler monkeys
  6 lava snakes
  2 gnoll boudas
  6 jellies
  19 orc priests
  Jessica (D:2)
  Terence (D:2)
  3 iguanas
  12 orc wizards
  Natasha (thrice) (D:2)
  Robin (D:2)
  23 gnolls
  8 adders
  A shadow imp (D:5)
  2 white imps
  2 ufetubi (D:5)
  3 worms
  A dart slug (D:5)
  70 orcs
  6 ball pythons
  5 bats
  7 endoplasms
  7 giant cockroaches
  16 goblins
  4 hobgoblins
  11 jackals
  16 kobolds
  4 quokkas
  5 frilled lizards
  5 rats
760 creatures vanquished.

Vanquished Creatures (collateral kills)
  Rupert (D:13)
  Snorg (D:10)
  Josephine (D:10)
  A centaur warrior (D:13)
  Urug (D:13)
  Nergalle (Lair:2)
  5 humans (D:13)
  A swamp worm (Swamp:1)
  2 alligator simulacra (IceCv)
14 creatures vanquished.

Vanquished Creatures (others)
  A tengu warrior (D:14)
  A cane toad (Lair:2)
  A slime creature (D:10)
  A golden eye (shapeshifter) (D:10)
  A yak (D:10)
  2 humans (Lair:3)
  A swamp worm (Swamp:1)
  A kobold brigand (D:8)
  A killer bee (D:9)
  A bush (Lair:5)
  A foxfire (Lair:1)
  32 fungi
  72 plants
116 creatures vanquished.

Grand Total: 890 creatures vanquished

Table legend: (Time is in decaauts)
 A = Elapsed time spent in this place.
 B = Non-inter-level travel time spent in this place.
 C = Inter-level travel time spent in this place.
 D = Time resting spent in this place.
 E = Time spent auto-exploring this place.
 F = Levels seen in this place.
 G = Mean time per level.
                   A        B        C        D        E       F      G
               +--------+--------+--------+--------+--------+-----+--------+
         Total |  30330 |  28297 |   2033 |   3110 |  19765 |  26 | 1166.5 |
       Dungeon |  18023 |  16926 |   1097 |   1951 |  11994 |  15 | 1201.5 |
        Temple |     46 |     32 |     14 |      0 |     23 |   1 |   46.0 |
          Lair |   8470 |   7739 |    731 |    705 |   5684 |   5 | 1694.0 |
         Swamp |    279 |    276 |      3 |     68 |    115 |   1 |  279.0 |
  Orcish Mines |   1820 |   1634 |    186 |    149 |   1149 |   2 |  910.0 |
         Sewer |    230 |    230 |      0 |      8 |    168 |   1 |  230.0 |
      Ice Cave |   1457 |   1457 |      0 |    228 |    631 |   1 | 1457.0 |
               +--------+--------+--------+--------+--------+-----+--------+

Top non-repeatable levels by time:
  Lair:5: 2189 daAuts
  Lair:3: 2181 daAuts
     D:8: 1850 daAuts
    D:10: 1793 daAuts
  Lair:4: 1696 daAuts
     D:7: 1581 daAuts
     D:5: 1548 daAuts
     D:9: 1493 daAuts
   IceCv: 1457 daAuts
  Lair:2: 1436 daAuts
    D:12: 1426 daAuts
    D:11: 1378 daAuts
    D:13: 1144 daAuts
    D:14: 1143 daAuts
   Orc:1: 1129 daAuts

Table legend:
 A = Non-vault XP
 B = Vault XP
 C = Vault XP percentage of total XP
 D = Non-vault monster count
 E = Vault monster count
 F = Vault count percentage of total count
                 A         B        C        D         E       F
            +---------+---------+-------+---------+---------+-------
      Total |   97838 |   81177 |  45.3 |     530 |     249 |  32.0
            +---------+---------+-------+---------+---------+-------
        D:1 |      58 |       0 |   0.0 |      34 |       0 |   0.0
        D:2 |     135 |     145 |  51.8 |      18 |      15 |  45.5
        D:3 |     109 |      12 |   9.9 |      12 |       6 |  33.3
        D:4 |     142 |       0 |   0.0 |      11 |       0 |   0.0
        D:5 |     578 |     224 |  27.9 |      19 |       4 |  17.4
        D:6 |     470 |     175 |  27.1 |      18 |       1 |   5.3
        D:7 |     724 |     274 |  27.5 |      22 |       1 |   4.3
        D:8 |    2305 |     602 |  20.7 |      29 |       5 |  14.7
        D:9 |    2087 |      59 |   2.7 |      36 |       1 |   2.7
       D:10 |    2845 |    2710 |  48.8 |      18 |       7 |  28.0
       D:11 |    1615 |     815 |  33.5 |      10 |       2 |  16.7
       D:12 |    3631 |       0 |   0.0 |      13 |       0 |   0.0
       D:13 |    3637 |    7898 |  68.5 |      13 |      22 |  62.9
       D:14 |    6757 |   17020 |  71.6 |      14 |      28 |  66.7
       D:15 |    5539 |    2684 |  32.6 |      11 |       3 |  21.4
     Lair:1 |    3675 |     855 |  18.9 |      17 |       1 |   5.6
     Lair:2 |    4012 |     775 |  16.2 |      12 |       1 |   7.7
     Lair:3 |    9763 |   11389 |  53.8 |      36 |      22 |  37.9
     Lair:4 |   19138 |       0 |   0.0 |      59 |       0 |   0.0
     Lair:5 |   16878 |    9173 |  35.2 |      50 |      40 |  44.4
    Swamp:1 |    7717 |       0 |   0.0 |      16 |       0 |   0.0
      Orc:1 |    2132 |    1230 |  36.6 |      17 |       6 |  26.1
      Orc:2 |    3891 |    7329 |  65.3 |      45 |      30 |  40.0
      Sewer |       0 |     149 | 100.0 |       0 |       3 | 100.0
      IceCv |       0 |   17659 | 100.0 |       0 |      51 | 100.0
            +---------+---------+-------+---------+---------+-------
